 Dungeon Crawl Stone Soup version 0.19-a0-1049-g462a813 (webtiles) character file.

130 4thArraOfDagon the Insei (level 5, -6/24 HPs)
             Began as a Vine Stalker Air Elementalist on July 31, 2016.
             Mangled by an ogre
             ... wielding a +0 giant spiked club
              (21 damage)
             ... on level 5 of the Dungeon.
             The game lasted 00:05:18 (818 turns).

4thArraOfDagon the Insei (VSAE)                      Turns: 818, Time: 00:05:19

Health: -6/24      AC:  9    Str: 10    XL:     5   Next: 14%
Magic:  0/9        EV:  4    Int: 16    God:
Gold:   4          SH:  0    Dex: 15    Spells: 1 memorised, 7 levels left

rFire  . . .     SeeInvis .       - Unarmed
rCold  . . .     Gourm    .     k - +0 chain mail
rNeg   . . .     Faith    .     (no shield)
rPois  .         Spirit   +     (no helmet)
rElec  .         Dismiss  .     (no cloak)
rCorr  .         Reflect  .     (no gloves)
SustAt .         Harm     .     n - +0 pair of boots
MR     .....                    (no amulet)
Stlth  ..........               (no ring)
                                (no ring)

@: not resistant to hostile enchantments, extremely unstealthy
A: fangs 2, regeneration 1, magic shield, antimagic bite, no device heal 3, rot
immunity
a: no special abilities


You were on level 5 of the Dungeon.
You were not hungry.

You visited 2 branches of the dungeon, and saw 7 of its levels.

You collected 70 gold pieces.
You spent 66 gold pieces at shops.

Inventory:

Armour
 a - a +0 robe
 k - a +0 chain mail (worn)
 n - a +0 pair of boots (worn)
Wands
 h - a wand of enslavement (4/24)
Scrolls
 j - a scroll of recharging {unknown}
 m - a scroll of amnesia {unknown}
 p - a scroll of magic mapping
Potions
 e - a potion of degeneration {unknown}
 g - 3 potions of curing
 i - a potion of brilliance {unknown}
Books
 b - a book of Air

   Spells                             Type                      Level
   a - Shock                          Conjuration/Air              1
   b - Swiftness                      Charms/Air                   2
   c - Repel Missiles                 Charms/Air                   2
   d - Static Discharge               Conjuration/Air              3
   e - Lightning Bolt                 Conjuration/Air              5
Comestibles
 c - a bread ration
 d - a meat ration
 f - 2 beef jerkies


   Skills:
 - Level 1.5 Dodging
 - Level 2.4 Stealth
 * Level 4.6 Unarmed Combat
 - Level 2.1 Spellcasting
 - Level 1.0 Conjurations
 - Level 3.0 Air Magic


You had 7 spell levels left.
You knew the following spells:

 Your Spells              Type           Power        Failure   Level  Hunger
a - Shock                 Conj/Air       #...         100%        1    #......


Dungeon Overview and Level Annotations

Branches:
Dungeon (6/15)             Temple (1/1) D:6

Altars:
Ashenzari
Elyvilon
Hepliaklqana
Okawaru
Qazlal
Sif Muna
Uskayaw
Xom
Zin
The Shining One

Shops:
D:6 ?:[

Annotations:
D:5 Blork the orc; Grinder
D:6 Pikel; epen's ghost, novice MfCK


Innate Abilities, Weirdness & Mutations

You have extremely sharp teeth.
Your natural rate of healing is unusually fast.
When hurt, damage is shared between your health and your magic reserves.
Your bite disrupts and absorbs the magic of your enemies.
Potions and wands cannot restore your health.
You are immune to rotting.


Message History

The jackal bites you but does no damage.
You climb upwards.
Level annotation: Blork the orc The ogre shouts!
Grinder comes into view.
You hear a shout!
Found an encrusted gold wand, a lumpy blue potion and a bread ration.
There is a stone staircase leading down here.
Unknown command.
Unknown command.
Evoke which item? (* to show all) (? for menu, Esc to quit)
Zapping:
h - a wand of enslavement (5/24)
Press: ? - help, Shift-Dir - straight line, f - ogre
Aim: an ogre, wielding a giant spiked club (chance to defeat MR: 46%)
The ogre resists with some effort.
This wand has 4 charges left.
The giant frog hits you but does no damage.
The jackal barely misses you.
The ogre hits you with a giant spiked club!!
Ouch! That really hurt!
You die...

.........
.........
.........
#....5...
#........
#........
#Fh......
#@O./....
##!....%.
#......
.....5
.#... ##
##


You could see Grinder, an ogre, a giant frog, a crimson imp and a jackal.

Vanquished Creatures
  A crimson imp (D:5)
  A hound (D:5)
  A human skeleton (D:3)
  A hound zombie (D:6)
  A shadow imp (D:6)
  An orc (D:4)
  2 bats
  2 giant cockroaches (D:3)
  3 goblins
  2 jackals (D:4)
  A giant newt (D:2)
  A jackal zombie (D:3)
  2 rats (D:3)
19 creatures vanquished.

Vanquished Creatures (collateral kills)
  2 jackals (D:6)
2 creatures vanquished.

Vanquished Creatures (others)
  A giant frog (D:6)
1 creature vanquished.

Grand Total: 22 creatures vanquished

Notes
Turn   | Place    | Note
-------+----------+-------------------------------------------
     0 | D:1      | 4thArraOfDagon the Vine Stalker Air Elementalist began the quest for the Orb.
     0 | D:1      | Reached XP level 1. HP: 9/9 MP: 4/4
    57 | D:3      | Noticed an orc wizard
    98 | D:2      | Reached skill level 1 in Unarmed Combat
   248 | D:3      | Reached XP level 2. HP: 11/13 MP: 6/6
   344 | D:3      | Reached skill level 3 in Unarmed Combat
   344 | D:3      | Reached XP level 3. HP: 3/16 MP: 4/7
   456 | D:5      | Entered Level 5 of the Dungeon
   464 | D:5      | Reached XP level 4. HP: 18/21 MP: 6/8
   524 | D:5      | Found a hazy altar of Hepliaklqana.
   558 | D:5      | Reached skill level 4 in Unarmed Combat
   570 | D:5      | Noticed an ogre
   613 | D:5      | Noticed Blork the orc
   654 | D:6      | Reached XP level 5. HP: 23/24 MP: 6/9
   682 | D:6      | Found a staircase to the Ecumenical Temple.
   715 | D:6      | Found Emuts's Book Boutique.
   728 | Temple   | Entered the Ecumenical Temple
   757 | D:6      | Noticed an ogre
   774 | D:6      | Found Ilybeuh's Magic Scroll Shop.
   778 | D:6      | Bought a scroll of identify for 24 gold pieces
   778 | D:6      | Bought a scroll of magic mapping for 42 gold pieces
   783 | D:6      | Noticed Pikel
   783 | D:6      | Noticed a slave
   783 | D:6      | Noticed a slave
   783 | D:6      | Noticed a slave
   784 | D:6      | Noticed a slave
   786 | D:6      | Found Cawededi's Antique Armour Boutique.
   793 | D:6      | Noticed epen's ghost (novice MfCK)
   817 | D:5      | Noticed an ogre
   817 | D:5      | Noticed Grinder
   818 | D:5      | Mangled by an ogre

Vault maps used:
D:1:      zelgadis_glass_arrival_small, grunt_decor_fettered
D:2:      uniq_jessica
D:3:      tgw_trog, old_standard_altar, dk_yredelemnul_ordeal
D:4:      uniq_eustachio
D:5:      vehumet_crystals, lemuel_round_altar, first_bread, uniq_blork_the_orc,
          uniq_grinder
D:6:      serial_shops, nicolae_shop_stone, shop_statue,
          nicolae_shop_window_shopping, shop_fountains, shop, uniq_pikel
Temple:   jpeg_temple_island

Skill      XL: |  1  2  3  4 |
---------------+-------------+-----
Unarmed Combat | 1 3 4 |  4.6
Dodging        | |  1.5
Stealth        | |  2.4
Spellcasting   | |  2.1
Conjurations   | |  1.0
Air Magic      | |  3.0

Action                   |  1- 3 |  4- 6 || total
-------------------------+-------+-------++-------
Melee: Unarmed           |    81 |    70 ||   151
       Bite              |    17 |    13 ||    30
       Punch             |     1 |       ||     1
 Cast: Shock             |     2 |       ||     2
Evoke: Wand              |       |     3 ||     3
  Use: Scroll            |     2 |     2 ||     4
 Stab: Sleeping          |     1 |       ||     1
Armor: Robe              |    17 |       ||    17
       Chain mail        |     3 |    53 ||    56
Dodge: Dodged            |    55 |    11 ||    66
